 Dungeon Crawl Stone Soup version 0.31-a0-851-g7ff8af7976 (webtiles) character file.

Game seed: 3455828572754731665

158 demibob the Cudgeller (level 5, -3/50 HPs)
             Began as a Troll Chaos Knight on Oct 7, 2023.
             Was a Plaything of Xom.
             Slain by an ice beast (13 damage)
             ... on level 4 of the Dungeon.
             The game lasted 00:03:06 (2000 turns).

demibob the Cudgeller (Troll Chaos Knight)          Turns: 2000, Time: 00:03:07

Health: -3/50      AC:  6    Str: 20    XL:     5   Next: 16%
Magic:  4/4        EV: 10    Int:  8    God:    Xom [.....*]
Gold:   143        SH:  0    Dex: 11    Spells: 4/4 levels left

rFire   . . .        a - +0 mace (chaos)
rCold   . . .        (no shield)
rNeg    . . .        b - +2 robe
rPois   .            (helmet restricted)
rElec   .            (no cloak)
rCorr   .            (gloves unavailable)
SInv    +            (boots unavailable)
Will    .....        (no amulet)
Stlth   +            (no ring)
HPRegen 1.08/turn    (no ring)
MPRegen 0.09/turn

%: clarity
@: no status effects
A: large, unfitting armour, claws 3, regeneration 1, shaggy fur 1, tough skin 1,
talons 1, see invisible, clarity, wild magic 1, evolution 1
a: Renounce Religion


You were on level 4 of the Dungeon.
You worshipped Xom.
You were Xom's teddy bear.
You visited 1 branch of the dungeon, and saw 4 of its levels.

You collected 143 gold pieces.


Innate Abilities, Weirdness & Mutations

You are too large for most types of armour.
You have claws for hands.
Your natural rate of healing is unusually fast.
You are covered in fur. (AC +1)
You have tough skin. (AC +1)
You have sharp toenails.
You have supernaturally acute eyesight. (SInv)
You possess an exceptional clarity of mind.
Your spells are a little harder to cast, but a little more powerful.
You have hidden genetic potential.


   Skills:
 - Level 2.4 Fighting
 + Level 5.4 Maces & Flails
 - Level 1.9 Dodging


You had 4 spell levels left.
You didn't know any spells.
Your spell library contained the following spells:

 Spells                   Type           Power      Damage    Failure   Level
 Static Discharge         Conj/Air       0%         2-2/arc   63%         2
 Airstrike                Air            0%         2d(0-16)  99%         4
 Summon Lightning Spire   Summ/Air       0%         N/A       99%         4

Inventory:

Hand Weapons
 a - a +0 mace of chaos (weapon)
Missiles
 m - 4 datura-tipped darts
Armour
 b - a +2 robe (worn)
Scrolls
 c - a scroll of butterflies
 g - a scroll of fog
 h - a scroll of teleportation {@r2}
 k - a scroll of amnesia
 l - a scroll of enchant weapon {unknown}
Potions
 d - a potion of resistance {unknown}
 e - 2 potions of brilliance {unknown}
 f - 2 potions of heal wounds {unknown}
 i - a potion of degeneration {unknown}
 j - a potion of might {unknown}

Dungeon Overview and Level Annotations

Branches:
Dungeon (4/15)
 Temple: D:4-7

Altars:

Shops:
D:3

[ ####....#..####
#....#.###....##
#...#§..#..#### ##
#.#...#§#.....#####.
#.(###.§#.###...#...
#.###.#.#§)..#
###.....
+.....'##...##
#.....
...##+##4..#§.#
#..... #@#....#
##..... #Y##...#
#...... #.#...##
#....#. #..$#.#
#....## .'##..#
#..... .#? #.....#
.. # ........ .#
........# .. .......


You could see an ice beast (fast, ally target) and a friendly hellwing
(summoned).


Message History

The ice beast is moderately wounded.
The ice beast closely misses you.
The ice beast hits you but does no damage.
You barely miss the ice beast.
You claw the ice beast, but do no damage.
The ice beast is moderately wounded.
The ice beast hits you but does no damage.
You hit the ice beast but do no damage. Your kick misses the ice beast.
The ice beast is moderately wounded.
The ice beast barely misses you. The ice beast hits you.
The ice beast freezes you!
You closely miss the ice beast.
The ice beast is moderately wounded.
The ice beast closely misses you. The ice beast hits you.
* * * LOW HITPOINT WARNING * * *
The ice beast freezes you!
* * * LOW HITPOINT WARNING * * *
You are too injured to fight recklessly!
You are too injured to fight recklessly!
It was a potion of mutation.
You feel extremely strange.
Your talons dull and shrink into feet.
You feel conductive.
Your toenails lengthen and sharpen.
You feel a hidden potential growing inside you.
Xom thinks this is hilarious! "Serve the toy, my child!"
The ice beast hits you but does no damage.
The ice beast hits you.
* * * LOW HITPOINT WARNING * * *
The ice beast freezes you!
You die...

Skill      XL: |  1  2  3  4 |
---------------+-------------+-----
Maces & Flails | 3 4 5 |  5.4
Fighting       | |  2.4
Dodging        | |  1.9

Action                     |  1- 3 |  4- 6 || total
---------------------------+-------+-------++-------
  Melee: Mace              |   121 |    76 ||   197
         Punch             |       |     2 ||     2
         Kick              |       |     7 ||     7
    Use: Scroll            |     3 |     4 ||     7
         Potion            |       |     1 ||     1
   Stab: Sleeping          |     2 |       ||     2
         Confused          |     2 |       ||     2
 Armour: Robe              |    99 |    68 ||   167
  Dodge: Dodged            |    56 |    40 ||    96

Levels and vault maps discovered:
D:1:      onia_arrival_mini_maze_b, layout_rooms
D:2:      layout_rooms
D:3:      layout_basic, serial_shops, shop
D:4:      layout_cave_pools, grunt_temple_overflow_champion_of_chaos,
          minmay_fractal_squares_diagonal_5

Notes
Turn   | Place    | Note
-------+----------+-------------------------------------------
     0 | D:1      | demibob the Troll Chaos Knight began the quest for the Orb.
     0 | D:1      | Reached XP level 1. HP: 22/22 MP: 0/0
     4 | D:1      | XOM: silly message
    10 | D:1      | XOM: 1-stop teleportation journey
    18 | D:1      | Reached skill level 3 in Maces & Flails
    29 | D:1      | XOM: smoke on damage
    34 | D:1      | Reached XP level 2. HP: 29/29 MP: 1/1
   280 | D:1      | Reached XP level 3. HP: 34/34 MP: 2/2
   544 | D:1      | XOM: summons 4 hostile shadow creatures
   604 | D:2      | Reached skill level 4 in Maces & Flails
   605 | D:2      | XOM: swap monsters
  1022 | D:2      | Reached XP level 4. HP: 32/44 MP: 3/3
  1236 | D:3      | Found Qyuni's Armour Boutique.
  1381 | D:3      | Reached skill level 5 in Maces & Flails
  1495 | D:3      | XOM: swap monsters
  1557 | D:3      | Reached XP level 5. HP: 50/50 MP: 4/4
  1676 | D:3      | XOM: give mutations
  1676 | D:3      | Gained mutation: You possess an exceptional clarity of
                  | mind. [Xom's grace]
  1676 | D:3      | Gained mutation: You have sharp toenails. [Xom's grace]
  1676 | D:3      | Gained mutation: Your spells are a little harder to cast,
                  | but a little more powerful. [Xom's grace]
  1718 | D:3      | XOM: give mutations
  1718 | D:3      | Gained mutation: You are resistant to electric shocks.
                  | (rElec) [Xom's grace]
  1718 | D:3      | Gained mutation: You have supernaturally acute eyesight.
                  | (SInv) [Xom's grace]
  1880 | D:3      | XOM: god gift: long sword {god gift}
  1962 | D:4      | XOM: fog
  1989 | D:4      | Noticed an ice beast
  1999 | D:4      | Lost mutation: You have sharp toenails. [potion of
                  | mutation]
  1999 | D:4      | Lost mutation: You are resistant to electric shocks.
                  | (rElec) [potion of mutation]
  1999 | D:4      | Gained mutation: You have sharp toenails. [potion of
                  | mutation]
  1999 | D:4      | Gained mutation: You have hidden genetic potential. [potion
                  | of mutation]
  1999 | D:4      | XOM: summons friendly hellwing
  2000 | D:4      | Slain by an ice beast

Vanquished Creatures
  A gnoll (D:4)
  6 adders
  5 dart slugs
  5 orcs (D:3)
  7 ball pythons
  7 endoplasms
  4 giant cockroaches (D:1)
  7 goblins
  9 hobgoblins
  6 jackals
  2 quokkas (D:2)
  4 bats
  2 frilled lizards
  3 kobolds
  9 rats
77 creatures vanquished.

Vanquished Creatures (others)
  A hobgoblin zombie (D:1)
1 creature vanquished.

Grand Total: 78 creatures vanquished

Table legend: (Time is in decaauts)
 A = Elapsed time spent in this place.
 B = Non-inter-level travel time spent in this place.
 C = Inter-level travel time spent in this place.
 D = Time resting spent in this place.
 E = Time spent auto-exploring this place.
 F = Levels seen in this place.
 G = Mean time per level.
                   A        B        C        D        E       F      G
               +--------+--------+--------+--------+--------+-----+--------+
         Total |   2036 |   2004 |     32 |     12 |   1494 |   4 |  509.0 |
       Dungeon |   2036 |   2004 |     32 |     12 |   1494 |   4 |  509.0 |
               +--------+--------+--------+--------+--------+-----+--------+

Top non-repeatable levels by time:
     D:3: 842 daAuts
     D:1: 606 daAuts
     D:2: 473 daAuts
     D:4: 114 daAuts

Table legend:
 A = Non-vault XP
 B = Vault XP
 C = Vault XP percentage of total XP
 D = Non-vault monster count
 E = Vault monster count
 F = Vault count percentage of total count
                 A         B        C        D         E       F
            +---------+---------+-------+---------+---------+-------
      Total |     209 |      18 |   7.9 |      74 |       3 |   3.9
            +---------+---------+-------+---------+---------+-------
        D:1 |      47 |       2 |   4.1 |      27 |       1 |   3.6
        D:2 |      57 |       0 |   0.0 |      21 |       0 |   0.0
        D:3 |      93 |       0 |   0.0 |      22 |       0 |   0.0
        D:4 |      12 |      16 |  57.1 |       4 |       2 |  33.3
            +---------+---------+-------+---------+---------+-------
